cohdb
Replays
Latest Replays
All Replays
Popular Replays
Top Player Replays
Match Explorer
How It Works
Community
CoH3 Stats
Reddit
Sign in to upload your games and track your stats! →
Sign in with Steam
Match 24773709
Unlisted
Match 24773709
Overview
Messages
Build Orders
End
Construct Section Command Post
Vickers Machine Gun Team
Infantry Section
Selects Indian Artillery Battlegroup
Dingo Light Scout Car
Selects Towed ML 4.2-inch Heavy Mortar
Towed ML 4.2-inch Heavy Mortar
Infantry Section
Construct Platoon Command Post
Selects War Cry
Selects Gurkha Rifles Section
Gurkha Rifles Section
Vickers Machine Gun Team
SneaKerz
gb_gbg
MR.DOGO-YT
canario_guerrero
0
0
Comments
sign in to comment!
No comments posted yet!